 Dungeon Crawl Stone Soup version 0.30.0 (webtiles) character file.

Game seed: 10403906121119138893

1685 oldmanjim the Blocker (level 8, -10/65 (75) HPs)
             Began as a Minotaur Fighter on May 5, 2023.
             Mangled by an orc knight
             ... wielding a +0 halberd
              (15 damage)
             ... in a bailey.
             The game lasted 00:25:31 (6671 turns).

oldmanjim the Blocker (Minotaur Fighter)            Turns: 6671, Time: 00:25:32

HP:   -10/65 (75)   AC:  8    Str: 28    XL:     8   Next: 71%
MP:   7/7           EV:  8    Int:  5    God:
Gold: 320           SH: 14    Dex: 11    Spells: 7/7 levels left

rFire   . . .        a - +0 war axe
rCold   . . .        g - +0 tower shield
rNeg    . . .        r - +3 ring mail {Will+}
rPois   .            (helmet restricted)
rElec   .            (no cloak)
rCorr   .            (no gloves)
SInv    +            (no boots)
Will    +....        (no amulet)
Stlth   +            c - +6 ring of strength
HPRegen 0.30/turn    y - ring of see invisible
MPRegen 0.10/turn

%: no passive effects
@: mighty, attractive, heavily drained
A: horns 2, retaliatory headbutt
a: no special abilities


You were in a bailey.
You visited 1 branch of the dungeon, and saw 7 of its levels.
You also visited: Bailey.

You collected 320 gold pieces.

Inventory:

Hand Weapons
 a - a +0 war axe (weapon)
Missiles
 f - 40 stones (quivered)
 u - a throwing net
 v - 14 poisoned darts
 C - 4 atropa-tipped darts
 E - 2 boomerangs
Armour
 b - a +0 scale mail
 g - a +0 tower shield (worn)
 r - a +3 ring mail of willpower (worn)
 D - a +0 plate armour
Jewellery
 c - a +6 ring of strength (left hand)
 h - a ring of resist corrosion
 t - a ring of protection from fire
 y - a ring of see invisible (right hand)
 B - a ring of ice
Scrolls
 j - 3 scrolls of immolation
 l - a scroll of magic mapping
 p - 3 scrolls of teleportation
 s - a scroll of poison {unknown}
 w - a scroll of enchant armour {unknown}
 x - a scroll of silence {unknown}
 A - 3 scrolls of fog
 G - a scroll of blinking {unknown}
Potions
 d - a potion of might
 e - a potion of lignification {unknown}
 i - 4 potions of attraction
 k - 2 potions of mutation {unknown}
 m - 4 potions of curing {unknown}
 n - 2 potions of degeneration {unknown}
 o - a potion of haste {unknown}
 q - 4 potions of brilliance {unknown}
 z - a potion of berserk rage {unknown}
 F - 2 potions of flight {unknown}
 H - a potion of magic {unknown}


   Skills:
 + Level 8.5 Fighting
 + Level 7.9 Axes
 - Level 4.0 Armour
 + Level 8.5 Shields


You had 7 spell levels left.
You didn't know any spells.
Your spell library contained the following spells:

 Spells                   Type           Power      Damage    Failure   Level
 Apportation              Tloc           0%         N/A       95%         1
 Freeze                   Ice            0%         1d3       95%         1
 Necrotise                Necr           0%         1d4       95%         1
 Slow                     Hex            0%         N/A       95%         1
 Summon Small Mammal      Summ           0%         N/A       95%         1
 Cigotuvi's Dreadful Rot  Necr/Pois/Air  0%         N/A       98%         2
 Poisonous Vapours        Pois/Air       0%         N/A       98%         2
 Confusing Touch          Hex            0%         N/A       100%        3
 Frozen Ramparts          Ice            0%         1d1       100%        3
 Hailstorm                Conj/Ice       0%         3d3       100%        3
 Ignite Poison            Fire/Tmut/Pois 0%         N/A       100%        3
 Mephitic Cloud           Conj/Pois/Air  0%         N/A       100%        3
 Ozocubu's Armour         Ice            0%         N/A       100%        3
 Vampiric Draining        Necr           0%         2d6       100%        3
 Freezing Cloud           Conj/Ice/Air   0%         6-21      100%        5
 Metabolic Englaciation   Hex/Ice        0%         N/A       100%        5
 Simulacrum               Ice/Necr       0%         N/A       100%        6


Dungeon Overview and Level Annotations

Branches:
Dungeon (7/15)             Bailey (1/1)
 Temple: D:4-7

Altars:
Kikubaaqudgha

Annotations:
D:3 2 runed translucent doors, Crazy Yiuf; WaxSun's ghost, amateur DjCj


Innate Abilities, Weirdness & Mutations

You have a pair of horns on your head.
You reflexively headbutt those who attack you in melee.


Message History

You slash the orc knight!
The orc knight is heavily wounded.
The gnoll closely misses you.
The orc knight hits you with a +0 halberd.
You block the orc knight's attack. You block the gnoll's attack.
You completely miss the orc knight.
The orc knight is heavily wounded.
The orc knight closely misses you. You block the gnoll's attack.
You slash the orc knight! Your headbutt misses the orc knight.
The orc knight is heavily wounded.
The orc knight hits you with a +0 halberd.
You block the gnoll's attack.
You hit the orc knight.
The orc knight is heavily wounded.
You block the gnoll's attack. You block the orc knight's attack.
The orc knight hits you with a +0 halberd!
The gnoll hits you from afar with a +0 halberd of draining!
* * * LOW HITPOINT WARNING * * *
You feel drained.
* * * LOW HITPOINT WARNING * * *
You barely miss the orc knight.
The orc knight is heavily wounded.
You block the orc knight's attack. You block the gnoll's attack.
You barely miss the orc knight.
The orc knight is heavily wounded.
You block the orc knight's attack. You block the gnoll's attack.
You slash the orc knight! You headbutt the orc knight!
The orc knight is almost dead.
The gnoll hits you from afar with a +0 halberd of draining.
* * * LOW HITPOINT WARNING * * *
You feel drained.
* * * LOW HITPOINT WARNING * * *
The orc knight barely misses you. You block the orc knight's attack.
The gnoll hits you from afar with a +0 halberd of draining.
* * * LOW HITPOINT WARNING * * *
You feel drained.
It was a potion of attraction.
You feel attractive to monsters.
The orc knight hits you with a +0 halberd!
You die... ##### ### ## #o@)###.###.# #g###'##'##'# gg#

##.....##
!.!.
###.....###
+!.⌠.
#.'..⌠..'.#
#.!.!
###.....###
#!.!
#.....##
+##+ +#
#'##'##)##
#.#.#
#)###)#


You could see an orc knight and 3 gnolls.

Vanquished Creatures
  Grinder (D:3)
  Menkaure (D:6)
  2 black bears (D:6)
  An ice beast (D:6)
  A centaur (D:6)
  2 kobold brigands
  2 scorpions (D:5)
  A bullfrog (D:6)
  A howler monkey (D:6)
  3 hounds
  2 jellies (D:5)
  An orc priest (D:5)
  3 iguanas
  An orc wizard (D:5)
  Ijyb (D:3)
  Natasha (twice) (D:3)
  5 gnolls (Bailey)
  8 adders
  3 shadow imps
  A white imp (D:5)
  2 worms
  2 dart slugs
  20 orcs
  8 endoplasms
  10 hobgoblins
  12 jackals
  4 quokkas
  5 ball pythons
  6 bats
  6 frilled lizards
  12 goblins
  13 kobolds
  9 rats
151 creatures vanquished.

Vanquished Creatures (others)
  2 fungi (D:3)
2 creatures vanquished.

Grand Total: 153 creatures vanquished

Notes
Turn   | Place    | Note
-------+----------+-------------------------------------------
     0 | D:1      | oldmanjim the Minotaur Fighter began the quest for the Orb.
     0 | D:1      | Reached XP level 1. HP: 19/19 MP: 0/0
   142 | D:1      | Reached XP level 2. HP: 27/27 MP: 1/1
   612 | D:1      | Reached XP level 3. HP: 33/33 MP: 2/2
   845 | D:2      | You fall into a shaft and drop 1 floor!
  1071 | D:3      | Noticed Ijyb
  1102 | D:3      | Killed Ijyb
  1103 | D:3      | Reached XP level 4. HP: 41/41 MP: 3/3
  1244 | D:3      | Found a runed translucent door.
  1244 | D:3      | Noticed WaxSun's ghost (amateur DjCj)
  1276 | D:3      | Found a runed translucent door.
  1277 | D:3      | Noticed Crazy Yiuf
  1476 | D:3      | Noticed Natasha
  1487 | D:3      | Killed Natasha
  2352 | D:3      | Noticed Grinder
  2357 | D:3      | Killed Grinder
  2358 | D:3      | Reached skill level 5 in Fighting
  2358 | D:3      | Reached skill level 5 in Shields
  2358 | D:3      | Reached XP level 5. HP: 32/49 MP: 4/4
  2358 | D:3      | Reached XP level 6. HP: 37/56 MP: 5/5
  2688 | D:3      | Noticed Natasha
  2693 | D:3      | Killed Natasha
  2947 | D:4      | Reached skill level 5 in Axes
  3619 | D:4      | Found an ancient bone altar of Kikubaaqudgha.
  3912 | D:5      | Entered Level 5 of the Dungeon
  4050 | D:5      | Reached XP level 7. HP: 58/63 MP: 6/6
  4837 | D:6      | Noticed Menkaure
  5065 | D:6      | Killed Menkaure
  5277 | D:6      | Reached XP level 8. HP: 49/73 MP: 7/7
  6370 | D:7      | Found a flagged portal.
  6377 | Bailey   | Entered a bailey
  6654 | Bailey   | Noticed an orc knight
  6671 | Bailey   | Mangled by an orc knight

Illustrated notes

Levels and vault maps discovered:
D:1:      dpeg_arrival_subterranean_lakeside_camping, layout_loops_ring
D:2:      layout_loops_ring, kennysheep_generic_room_12
D:3:      minmay_bubble_buster, layout_loops_ring, gammafunk_ghost_grave,
          uniq_ijyb, uniq_crazy_yiuf_cottage, uniq_natasha, uniq_grinder
D:4:      layout_loops_corners, mainiacjoe_overflow_alcove_2
D:5:      layout_loops_ring, grunt_ministairs_4, nrook_mini_backslash
D:6:      layout_basic, minmay_misc_feat_five, uniq_menkaure
D:7:      minmay_polygon_palace, layout_basic, nicolae_wu_jian_wuxing_cycle,
          nicolae_overflow_hidden_temple, minmay_temple_entry_steel_oval,
          enter_bailey_2, serial_shops, nicolae_shop_tiny_statue_garden,
          minmay_unpleasant_kobolds, uniq_duvessa
Bailey:   bailey_polearm_nasty_gnolls, bailey

Skill      XL: |  1  2  3  4  5  6  7  8 |
---------------+-------------------------+-----
Fighting       | 4 5 6 7 8 |  8.5
Armour         | 4 |  4.0
Shields        | 4 5 6 7 8 |  8.5
Axes           | 3 4 5 6 7 |  7.9

Action                     |  1- 3 |  4- 6 |  7- 9 || total
---------------------------+-------+-------+-------++-------
  Melee: War axe           |    74 |   114 |   179 ||   367
         Headbutt          |    11 |    24 |    39 ||    74
         Unarmed           |     7 |       |       ||     7
  Throw: Stone             |       |       |    18 ||    18
    Use: Scroll            |       |     4 |     1 ||     5
         Potion            |       |       |     2 ||     2
 Armour: Scale mail        |    44 |       |       ||    44
         Skin              |     1 |       |       ||     1
         Ring mail         |       |    35 |    60 ||    95
  Dodge: Dodged            |    43 |    18 |    38 ||    99
  Block: Buckler           |    13 |       |       ||    13
         Tower shield      |     3 |    74 |   137 ||   214
